 Dungeon Crawl Stone Soup version 0.26.0-15-gc6cd9f7 (webtiles) character file.

Game seed: 7032617166660732286

85 jimeh the Gusty (level 4, -9/24 HPs)
             Began as a Tengu Air Elementalist on Jan 24, 2021.
             Splashed by Ijyb's acid (10 damage)
             ... on level 3 of the Dungeon.
             The game lasted 00:04:33 (2455 turns).

jimeh the Gusty (Tengu Air Elementalist)            Turns: 2455, Time: 00:04:34

Health: -9/24      AC: -2    Str: 15    XL:     4   Next: 48%
Magic:  8/9        EV: 12    Int: 16    God:
Gold:   87         SH:  0    Dex: 14    Spells: 5/8 levels left

rFire    . . .     SeeInvis .   j - staff of death
rCold    . . .     Faith    .   (no shield)
rNeg     + . .     Spirit   .   a - +0 robe
rPois    +         Reflect  .   (helmet restricted)
rElec    .         Harm     .   (no cloak)
rCorr    .         Rampage  .   (no gloves)
Will     .....                  (boots unavailable)
Stlth    ++........             c - amulet of magic regeneration
HPRegen  0.08/turn              f - ring of poison resistance
MPRegen  0.36/turn              k - +6 ring of strength

@: corroded
A: beak, talons 3
a: no special abilities


You were on level 3 of the Dungeon.
You visited 1 branch of the dungeon, and saw 3 of its levels.

You collected 87 gold pieces.

Inventory:

Armour
 a - a +0 robe (worn)
 b - a +0 pair of gloves
Magical Staves
 j - an uncursed staff of death (weapon)
Jewellery
 c - an amulet of magic regeneration (around neck)
 f - a ring of poison resistance (left hand)
 k - a +6 ring of strength (right hand)
Scrolls
 e - 3 scrolls of identify {unknown}
 g - a scroll of fog {unknown}
 h - a scroll of remove curse {unknown}
 l - a scroll of fear {unknown}
 m - a scroll of enchant weapon {unknown}
 p - 2 scrolls of enchant armour {unknown}
Potions
 d - 2 potions of berserk rage {unknown}
 i - a potion of might {unknown}
 n - a potion of curing {unknown}
 o - a potion of brilliance {unknown}
 q - a potion of cancellation {unknown}
 r - a potion of flight {unknown}


   Skills:
 - Level 2.1 Dodging
 - Level 2.0 Stealth
 + Level 2.8 Spellcasting
 + Level 2.6 Conjurations
 + Level 5.6 Air Magic


You had 5 spell levels left.
You knew the following spells:

 Your Spells              Type           Power        Failure   Level
a - Shock                 Conj/Air       60%          3%          1
b - Swiftness             Air            20%          3%          2

Your spell library contained the following spells:

 Spells                   Type           Power        Failure   Level
 Static Discharge         Conj/Air       15%          11%         3
 Airstrike                Air            10%          19%         4
 Lightning Bolt           Conj/Air       7%           67%         5


Dungeon Overview and Level Annotations

Branches:
Dungeon (3/15)

Altars:

Annotations:
D:3 Grinder, Ijyb, Sigmund


Innate Abilities, Weirdness & Mutations

You have a beak for a mouth.
You have claws for feet.


Message History

You are splashed with acid!
You are too injured to fight recklessly!
You are too injured to fight recklessly!
You climb upwards.
There is a stone staircase leading down here.
There is a stone staircase leading down here.
Magic restored.
You are no longer corroded.
HP restored.
Done exploring.
You climb downwards.
Level annotation: Grinder, Ijyb, Sigmund
There is a stone staircase leading up here.
The zap hits Ijyb.
Ijyb is lightly wounded.
Ijyb zaps a wand.
The bolt of acid hits you!!
Ouch! That really hurt!
* * * LOW HITPOINT WARNING * * *
The acid corrodes you!
You are splashed with acid!
You die...

#... #.#
#... ##.
#.#... 5..
#. ...... .
#. ......
#.##......
#.........
#.........
#..(......
#.@.g.....
#.<.......
#..........
#..........
#......#...
#".†.### ##
#....#
#....#
#....#


You could see Ijyb.

Vanquished Creatures
  3 adders
  2 worms (D:2)
  2 dart slugs (D:1)
  4 leopard geckos
  An orc (D:3)
  2 giant cockroaches (D:1)
  4 goblins
  10 hobgoblins
  3 bats
  A frilled lizard (D:2)
  6 kobolds
  4 rats
42 creatures vanquished.

Notes
Turn   | Place    | Note
-------+----------+-------------------------------------------
     0 | D:1      | jimeh the Tengu Air Elementalist began the quest for the
                  | Orb.
     0 | D:1      | Reached XP level 1. HP: 10/10 MP: 4/4
   361 | D:1      | Reached XP level 2. HP: 15/15 MP: 1/6
   683 | D:1      | Learned a level 2 spell: Swiftness
  1011 | D:1      | Reached skill level 5 in Air Magic
  1014 | D:1      | Reached XP level 3. HP: 19/19 MP: 1/7
  1591 | D:2      | Reached XP level 4. HP: 24/24 MP: 5/8
  2075 | D:3      | Noticed Sigmund
  2078 | D:3      | Noticed Grinder
  2292 | D:3      | Noticed Ijyb
  2455 | D:3      | HP: 1/24 [Ijyb/bolt of acid (23)]
  2455 | D:3      | Splashed by Ijyb's acid

Illustrated notes

Levels and vault maps discovered:
D:1:      roderic_chinese_lattice_arrival, layout_basic
D:2:      layout_loops_cross, corexii_corridor_pit, kennysheep_generic_room_7
D:3:      layout_rooms, chequers_ecumenical_altar_simple_redux, uniq_grinder,
          uniq_ijyb, uniq_sigmund

Skill      XL: |  1  2  3 |
---------------+----------+-----
Air Magic      | 5 |  5.6
Conjurations   | 2 |  2.6
Dodging        | |  2.1
Stealth        | |  2.0
Spellcasting   | |  2.8

Action                   |  1- 3 |  4- 6 || total
-------------------------+-------+-------++-------
Melee: Unarmed           |    15 |       ||    15
       Peck              |     3 |       ||     3
       Kick              |     1 |       ||     1
 Cast: Shock             |    79 |    32 ||   111
       Swiftness         |       |     1 ||     1
Armor: Robe              |     7 |       ||     7
Dodge: Dodged            |    21 |     2 ||    23
